 Dungeon Crawl Stone Soup version 0.29.1-15-g9cfb28693d (webtiles) character file.

Game seed: 11605560089033122025

473 Andrakon the Trooper (level 6, -4/56 HPs)
             Began as a Minotaur Fighter on Apr 3, 2023.
             Slain by a gnoll sergeant
             ... wielding a +0 trident
              (7 damage)
             ... on level 4 of the Dungeon.
             The game lasted 00:13:15 (3847 turns).

Andrakon the Trooper (Minotaur Fighter)             Turns: 3847, Time: 00:13:15

Health: -4/56      AC: 11    Str: 22 (23) XL:     6   Next: 84%
Magic:  5/5        EV:  7    Int:  4 (5)  God:
Gold:   262        SH:  5    Dex: 12 (15) Spells: 5/5 levels left

rFire   . . .      SeeInvis .   a - +0 war axe
rCold   . . .      Faith    .   c - +0 buckler
rNeg    . . .      Spirit   .   y - +0 chain mail
rPois   .          Reflect  .   (helmet restricted)
rElec   .          Harm     .   (no cloak)
rCorr   .          Rampage  .   e - +0 pair of gloves
Will    .....                   (no boots)
Stlth   ..........              (no amulet)
HPRegen 0.18/turn               o - +6 ring of dexterity
MPRegen 0.09/turn               (no ring)

@: no status effects
A: horns 2, retaliatory headbutt
a: no special abilities


You were on level 4 of the Dungeon.
You visited 1 branch of the dungeon, and saw 5 of its levels.

You collected 262 gold pieces.

Inventory:

Hand Weapons
 a - a +0 war axe (weapon)
 f - a +0 war axe
 p - a +4 whip of draining
Missiles
 x - 9 boomerangs (quivered)
Armour
 b - a +0 scale mail
 c - a +0 buckler (worn)
 e - a +0 pair of gloves (worn)
 y - a +0 chain mail (worn)
 z - a +0 plate armour
Magical Staves
 u - a staff of air
Jewellery
 o - a +6 ring of dexterity (left hand)
 A - a ring of flight
Wands
 v - a wand of flame (11)
Scrolls
 k - a scroll of summoning {unknown}
 m - 2 scrolls of vulnerability {unknown}
 n - 3 scrolls of identify {unknown}
 q - a scroll of immolation {unknown}
 r - a scroll of teleportation {unknown}
 s - a scroll of enchant weapon {unknown}
 t - a scroll of amnesia {unknown}
 w - 2 scrolls of enchant armour {unknown}
Potions
 d - a potion of might
 g - 2 potions of flight
 h - a potion of lignification {unknown}
 i - a potion of mutation {unknown}
 j - a potion of ambrosia
 l - 2 potions of curing {unknown}


   Skills:
 + Level 5.6 Fighting
 + Level 5.0 Axes
 + Level 5.5 Armour
 + Level 5.5 Shields


You had 5 spell levels left.
You didn't know any spells.
Your spell library contained the following spells:

 Spells                   Type           Power      Damage    Failure   Level
 Poisonous Vapours        Pois/Air       0%         N/A       100%        2
 Corpse Rot               Necr/Pois/Air  0%         N/A       100%        4


Dungeon Overview and Level Annotations

Branches:
Dungeon (5/15)
 Temple: D:4-7

Altars:
Fedhas
Gozag
Sif Muna
Yredelemnul


Innate Abilities, Weirdness & Mutations

You have a pair of horns on your head.
You reflexively headbutt those who attack you in melee.


Message History

The gnoll sergeant hits you with a +0 trident!
You hit the gnoll sergeant but do no damage.
The gnoll sergeant hits you with a +0 trident.
The gnoll sergeant blocks your attack.
The gnoll sergeant hits you with a +0 trident.
You hit the gnoll sergeant but do no damage.
The gnoll sergeant blocks your attack. The gnoll sergeant barely misses you.
You block the gnoll sergeant's attack.
You closely miss the gnoll sergeant. You headbutt the gnoll sergeant.
The gnoll sergeant is lightly wounded.
The gnoll sergeant hits you with a +0 trident.
You hit the gnoll sergeant.
The gnoll sergeant is moderately wounded.
The gnoll sergeant barely misses you.
You hit the gnoll sergeant but do no damage.
The gnoll sergeant is moderately wounded.
The gnoll sergeant hits you with a +0 trident.
* * * LOW HITPOINT WARNING * * *
You block the gnoll sergeant's attack.
You closely miss the gnoll sergeant.
The gnoll sergeant is moderately wounded.
The gnoll sergeant closely misses you. You furiously retaliate!
You headbutt the gnoll sergeant. The gnoll sergeant blocks your attack.
The gnoll sergeant is moderately wounded.
The gnoll sergeant hits you but does no damage.
You hit the gnoll sergeant but do no damage.
You headbutt the gnoll sergeant.
The gnoll sergeant is moderately wounded.
You block the gnoll sergeant's attack.
You hit the gnoll sergeant but do no damage.
The gnoll sergeant is moderately wounded.
The gnoll sergeant hits you with a +0 trident!
* * * LOW HITPOINT WARNING * * *
The gnoll sergeant hits you with a +0 trident.
* * * LOW HITPOINT WARNING * * *
The gnoll sergeant blocks your attack. x2
The gnoll sergeant is moderately wounded.
The gnoll sergeant hits you with a +0 trident!
You die...

#..........# #..
#..........##############..
#..........(.......^....'..
#..........##############..
#..........# #.. #..........# #..
#..........# #..
#.........)############ #..
#####........g@....)......# #..
###..........###...........)#####
#.'..gggg..>...'...........)[).).
#.#.......g..###............#####
#.############ #............#
#g##### ############## #...gg#
#####g# ..g


You could see a gnoll sergeant.

Vanquished Creatures
  2 scorpions (D:4)
  2 hounds (D:4)
  2 orc priests (D:4)
  Robin (D:4)
  6 gnolls
  4 adders
  3 worms
  5 dart slugs
  9 orcs
  3 ball pythons
  2 endoplasms
  4 giant cockroaches
  15 goblins
  14 hobgoblins
  3 jackals (D:2)
  9 kobolds
  5 quokkas
  8 bats
  6 frilled lizards
  12 rats
115 creatures vanquished.

Vanquished Creatures (others)
  A plant (D:2)
1 creature vanquished.

Grand Total: 116 creatures vanquished

Notes
Turn   | Place    | Note
-------+----------+-------------------------------------------
     0 | D:1      | Andrakon the Minotaur Fighter began the quest for the Orb.
     0 | D:1      | Reached XP level 1. HP: 19/19 MP: 0/0
   264 | D:1      | Reached XP level 2. HP: 26/27 MP: 1/1
   529 | D:1      | Found a faded altar of an unknown god.
   858 | D:1      | Reached XP level 3. HP: 33/33 MP: 2/2
  1410 | D:2      | Reached XP level 4. HP: 41/41 MP: 3/3
  1791 | D:2      | Found a blossoming altar of Fedhas.
  2125 | D:3      | Found a shimmering blue altar of Sif Muna.
  2499 | D:4      | Found an opulent altar of Gozag.
  2499 | D:4      | Noticed a scorpion
  2510 | D:4      | Reached XP level 5. HP: 29/47 MP: 4/4
  2514 | D:4      | Reached skill level 5 in Fighting
  2774 | D:4      | Reached skill level 5 in Armour
  2774 | D:4      | Reached skill level 5 in Shields
  2778 | D:4      | Reached XP level 6. HP: 52/56 MP: 5/5
  2940 | D:4      | Found a basalt altar of Yredelemnul.
  3370 | D:4      | Noticed Robin
  3411 | D:5      | Entered Level 5 of the Dungeon
  3810 | D:4      | Killed Robin
  3836 | D:4      | Reached skill level 5 in Axes
  3846 | D:4      | HP: 2/56 [gnoll sergeant/+0 trident (3)]
  3847 | D:4      | Slain by a gnoll sergeant

Illustrated notes

Levels and vault maps discovered:
D:1:      psy_arrival_spokes, layout_loops_ring,
          hellmonk_ecumenical_altar_pennies_from_heaven
D:2:      layout_loops_ring, basic_altar, serial_bayou_pond_b
D:3:      layout_loops_cross, lemuel_round_altar, minmay_vboxes
D:4:      layout_basic, nicolae_gozag_seed_capital,
          mainiacjoe_overflow_alcove_2, uniq_robin
D:5:      layout_rooms, mainiacjoe_overflow_boulevard, grunt_qazlal_sundering

Skill      XL: |  1  2  3  4  5  6 |
---------------+-------------------+-----
Fighting       | 4 5 |  5.6
Armour         | 4 5 |  5.5
Shields        | 4 5 |  5.5
Axes           | 3 4 5 |  5.0

Action                   |  1- 3 |  4- 6 || total
-------------------------+-------+-------++-------
Melee: War axe           |   100 |   141 ||   241
       Headbutt          |     7 |    20 ||    27
  Use: Potion            |       |     4 ||     4
Armor: Scale mail        |    53 |    33 ||    86
       Chain mail        |       |    37 ||    37
Dodge: Dodged            |    53 |    67 ||   120
Block: Buckler           |    24 |    34 ||    58
